 Dungeon Crawl Stone Soup version 0.31-a0-765-g67fe2935dc (webtiles) character file.

Game seed: 14129087423078510773

20 thriggle the Ruffian (level 2, 0/21 HPs)
             Began as a Demonspawn Shapeshifter on Sept 15, 2023.
             Was a Follower of Fedhas.
             Succumbed to an adder's poison
             ... on level 2 of the Dungeon.
             The game lasted 00:02:21 (1250 turns).

thriggle the Ruffian (Demonspawn Shapeshifter)      Turns: 1250, Time: 00:02:21

Health: 0/21       AC:  2    Str: 14    XL:     2   Next: 58%
Magic:  2/2        EV: 12    Int: 11    God:    Fedhas [*.....]
Gold:   36         SH:  0    Dex: 12    Spells: 1/1 levels left

rFire   . .          .
                       - Unarmed
rCold   . . .        (no shield)
rNeg    . . .        a - +0 animal skin
rPois   .            (helmet currently unavailable)
rElec   .            (cloak currently unavailable)
rCorr   .            (gloves currently unavailable)
SInv    .            (boots currently unavailable)
Will    .....        (no amulet)
Stlth   +            (no ring)
HPRegen 0.23/turn    (no ring)
MPRegen 0.08/turn

%: no passive effects
@: mighty, lethally poisoned (0 -> -3), beast-form
A: beast (slay +1), powered by pain 1
a: Begin Untransformation, Renounce Religion


You were on level 2 of the Dungeon.
You worshipped Fedhas.
Fedhas was aware of your devotion.
You were a hulking beast.
You visited 1 branch of the dungeon, and saw 2 of its levels.

You collected 36 gold pieces.

Inventory:

Hand Weapons
 m - a +0 dagger of draining
Armour
 a - a +0 animal skin (worn)
Talismans
 c - a beast talisman (active)
 d - a flux talisman
Scrolls
 e - a scroll of amnesia {unknown}
 g - a scroll of identify {unknown}
 h - a scroll of teleportation {unknown}
 j - a scroll of noise {unknown}
Potions
 b - a potion of lignification
 i - a potion of invisibility {unknown}
 k - a potion of brilliance {unknown}
 l - 2 potions of ambrosia {unknown}


   Skills:
 + Level 1.4 Fighting
 + Level 2.0 Dodging
 + Level 0.8 Stealth
 + Level 2.9 Unarmed Combat
 + Level 2.8 Shapeshifting


You had one spell level left.
You didn't know any spells.
Your spell library was empty.

Dungeon Overview and Level Annotations

Branches:
Dungeon (2/15)

Altars:
Fedhas


Innate Abilities, Weirdness & Mutations

You are a hulking beast.
Your limbs bulge with bestial killing power. (Slay +1)
You sometimes gain a little power by taking damage.


Message History

An adder comes into view.
The worm bites you!
You hit the worm.
The worm is moderately wounded.
The adder hisses angrily.
You hit the worm.
The worm is heavily wounded.
The worm misses you.
You hit the worm.
The worm is severely wounded.
You barely miss the worm.
The worm is severely wounded.
The worm bites you.
You hit the worm but do no damage. You punch the worm!
You kill the worm!
Fedhas appreciates your contribution to the ecosystem.
The adder closely misses you.
You hit the adder. Your punch misses the adder.
The adder is lightly wounded.
The adder closely misses you.
You barely miss the adder.
The adder is lightly wounded.
The adder bites you.
* * * LOW HITPOINT WARNING * * *
You hit the adder.
The adder is moderately wounded.
The adder bites you.
* * * LOW HITPOINT WARNING * * *
You hit the adder.
The adder is heavily wounded.
The adder bites you.
* * * LOW HITPOINT WARNING * * *
The adder bites you.
* * * LOW HITPOINT WARNING * * *
You are lethally poisoned!
The adder poisons you!
It was a potion of might.
You feel very mighty all of a sudden.
You die...
Fedhas appreciates your contribution to the ecosystem.

###########
#.......<.##
#.####.....## ##
#####.###.......# ...
...........^...# ....
#...###.......#
##...###.#)###.......#
......S............#.#
.#.#.#h#.#.##.##..#.#
#.#.#..#.###.#<#
#.#.#..#.# #.#.#
#.#.#..#.. ....#
#.#.#.#..### #.##
.........# ..
##.......# #.......#
#.......#


You could see an adder.

Vanquished Creatures
  A worm (D:2)
  2 ball pythons (D:1)
  3 endoplasms
  3 goblins
  2 hobgoblins (D:1)
  2 bats (D:1)
  A frilled lizard (D:1)
  2 kobolds
16 creatures vanquished.

Notes
Turn   | Place    | Note
-------+----------+-------------------------------------------
     0 | D:1      | thriggle the Demonspawn Shapeshifter began the quest for
                  | the Orb.
     0 | D:1      | Reached XP level 1. HP: 15/15 MP: 1/1
   545 | D:1      | Found a faded altar of an unknown god.
   556 | D:1      | Prayed at the altar of an unknown god.
   556 | D:1      | Became a worshipper of Fedhas Madash
   556 | D:1      | Reached * piety under Fedhas
   564 | D:1      | Gained mutation: You sometimes gain a little power by
                  | taking damage. [demonic ancestry]
   564 | D:1      | Reached XP level 2. HP: 19/21 MP: 2/2
  1249 | D:2      | HP: 1/21 [adder (2)]
  1250 | D:2      | Succumbed to an adder's poison

Illustrated notes

Levels and vault maps discovered:
D:1:      eino_arrival_cavern_e, layout_basic, basic_ecumenical_altar,
          minivault_27, st_stairs_14, nicolae_eternal_life, roderic_lattice_a,
          minmay_bisected
D:2:      layout_loops_cross, minmay_misc_feat_rows

Skill      XL: |  1  2 |
---------------+-------+-----
Dodging        | 2 |  2.0
Fighting       | |  1.4
Stealth        | |  0.8
Unarmed Combat | |  2.9
Shapeshifting  | |  2.8

Action                     || total
---------------------------++-------
  Melee: Unarmed           ||    74
         Punch             ||     2
    Use: Potion            ||     1
   Stab: Sleeping          ||     3
 Armour: Animal skin       ||    38
  Dodge: Dodged            ||    27

Table legend: (Time is in decaauts)
 A = Elapsed time spent in this place.
 B = Non-inter-level travel time spent in this place.
 C = Inter-level travel time spent in this place.
 D = Time resting spent in this place.
 E = Time spent auto-exploring this place.
 F = Levels seen in this place.
 G = Mean time per level.
                   A        B        C        D        E       F      G
               +--------+--------+--------+--------+--------+-----+--------+
         Total |   1246 |   1217 |     29 |      0 |    985 |   2 |  623.0 |
       Dungeon |   1246 |   1217 |     29 |      0 |    985 |   2 |  623.0 |
               +--------+--------+--------+--------+--------+-----+--------+

Top non-repeatable levels by time:
     D:1: 1190 daAuts
     D:2: 56 daAuts
